 Dungeon Crawl Stone Soup version 0.24.0-13-gcf9b3192b9 (webtiles) character file.

Game seed: 17090171104317389507, levelgen mode: deterministic

5822 SaintRoka the Martial Artist (level 10, -3/91 HPs)
             Began as a Gnoll Transmuter on Nov 5, 2019.
             Was an Elder of Cheibriados.
             Slain by a komodo dragon (16 damage)
             ... on level 1 of the Lair of Beasts.
             The game lasted 00:25:06 (4729 turns).

SaintRoka the Martial Artist (Gnoll Transmuter)     Turns: 4729, Time: 00:25:06

Health: -3/91      AC: 15    Str: 22    XL:     10   Next: 80%
Magic:  12/21      EV: 16    Int: 28    God:    Cheibriados [****..]
Gold:   487        SH:  0    Dex: 24    Spells: 4/24 levels left

rFire    x . .     SeeInvis .     - Unarmed
rCold    + + +     Gourm    .   (shield currently unavailable)
rNeg     . . .     Faith    .   (armour currently unavailable)
rPois    +         Spirit   .   (helmet currently unavailable)
rElec    .         Reflect  .   (cloak currently unavailable)
rCorr    +         Harm     .   (gloves currently unavailable)
MR       .....                  (boots currently unavailable)
Stlth    ++++......             (no amulet)
HPRegen  0.25/turn              g - ring of resist corrosion
MPRegen  0.17/turn              G - ring of wizardry

@: icy armour, ice-form, very slow
A: large, distributed training, strong nose
a: End Transformation, Bend Time, Temporal Distortion, Slouch, Renounce Religion


You were on level 1 of the Lair of Beasts.
You worshipped Cheibriados.
Cheibriados was greatly pleased with you.
You were not hungry.
You were a creature of crystalline ice.
You visited 3 branches of the dungeon, and saw 12 of its levels.

You collected 487 gold pieces.

Inventory:

Hand Weapons
 m - the +0 scimitar of Ashenzari {venom, *Corrode rElec Stlth+}
   (You found it on level 5 of the Dungeon)

   It poisons the flesh of those it strikes.
   It insulates you from electricity.
   It may corrode you when you take damage.
   It makes you more stealthy.
 s - a +2 war axe of draining (melded)
 R - a +0 war axe of chopping
Missiles
 a - 109 arrows
 t - 7 boomerangs (quivered)
 u - 41 poisoned darts
Armour
 b - a +0 robe
 c - a +0 pair of gloves (melded)
 f - a cursed -1 leather armour
 r - a +1 leather armour of fire resistance
 y - a +0 ring mail
 D - a +1 pair of gloves
 F - a +2 plate armour of cold resistance
 H - a cursed +0 helmet
 O - a +0 troll leather armour (melded)
 Q - a +1 hat of magic resistance (melded)
 S - a cursed +0 robe
Magical Staves
 h - an uncursed staff of energy
Jewellery
 g - a ring of resist corrosion (left front paw)
 l - an uncursed ring of flight
 G - a ring of wizardry (right front paw)
 T - an uncursed ring of see invisible
Wands
 p - a wand of acid (7)
 A - a wand of polymorph (11)
 M - a wand of enslavement (9)
Scrolls
 e - a scroll of blinking
 k - 2 scrolls of remove curse
 n - a scroll of immolation
 v - 2 scrolls of enchant armour {unknown}
 x - a scroll of teleportation {unknown}
 C - 4 scrolls of noise
 I - a scroll of vulnerability {unknown}
 K - 2 scrolls of holy word {unknown}
Potions
 i - a potion of agility
 j - 2 potions of magic {unknown}
 o - 2 potions of degeneration {unknown}
 q - a potion of mutation
 w - a potion of cancellation {unknown}
 z - 2 potions of invisibility {unknown}
 B - 4 potions of curing {unknown}
 E - a potion of brilliance
 J - 3 potions of heal wounds {unknown}
 L - a potion of might {unknown}
 P - 2 potions of haste {unknown}
Comestibles
 d - 14 rations
 N - 5 chunks of flesh


   Skills:
 + Level 6.1 Fighting
 + Level 5.5 Short Blades
 + Level 5.5 Long Blades
 + Level 5.5 Axes
 + Level 5.5 Maces & Flails
 + Level 5.5 Polearms
 + Level 5.5 Staves
 + Level 5.5 Slings
 + Level 5.5 Bows
 + Level 5.5 Crossbows
 + Level 5.5 Throwing
 + Level 5.5 Armour
 + Level 7.2 Dodging
 + Level 5.5 Stealth
 + Level 5.5 Shields
 + Level 8.6 Unarmed Combat
 + Level 7.5 Spellcasting
 + Level 4.5 Conjurations
 + Level 4.5 Hexes
 + Level 4.5 Charms
 + Level 4.5 Summonings
 + Level 4.5 Necromancy
 + Level 4.5 Translocations
 + Level 6.0 Transmutations
 + Level 4.5 Fire Magic
 + Level 4.5 Ice Magic
 + Level 4.5 Air Magic
 + Level 4.5 Earth Magic
 + Level 4.5 Poison Magic
 + Level 6.0 Invocations
 + Level 5.5 Evocations


You had 4 spell levels left.
You knew the following spells:

 Your Spells              Type           Power        Failure   Level  Hunger
a - Beastly Appendage     Tmut           #####.       1%          1    None
b - Sticks to Snakes      Tmut           #####...     1%          2    None
c - Spider Form           Tmut/Pois      #####.....   1%          3    None
d - Ice Form              Ice/Tmut       #####...     2%          4    ##.....
e - Ozocubu's Armour      Chrm/Ice       #####...     1%          3    None
f - Summon Ice Beast      Ice/Summ       #####...     3%          4    ##.....
r - Regeneration          Chrm/Necr      #####.....   1%          3    None

Your spell library contained the following spells:

 Spells                   Type           Power        Failure   Level  Hunger
 Animate Skeleton         Necr           N/A          1%          1    None
 Freeze                   Ice            ####         1%          1    None
 Pain                     Necr           ####         1%          1    None
 Throw Frost              Conj/Ice       #####.       1%          2    None
 Vampiric Draining        Necr           #####.....   1%          3    None
 Animate Dead             Necr           N/A          3%          4    ##.....
 Throw Icicle             Conj/Ice       #####...     3%          4    ##.....
 Blade Hands              Tmut           #####.....   4%          5    ####...


Dungeon Overview and Level Annotations

Branches:
Dungeon (10/15)            Temple (1/1) D:5            Lair (1/6) D:9
    Orc: D:9-12

Altars:
Ashenzari
Cheibriados
Dithmenos
Elyvilon
Fedhas
Gozag
Hepliaklqana
Kikubaaqudgha
Makhleb
Nemelex Xobeh
Okawaru
Qazlal
Ru
Sif Muna
Trog
Uskayaw
Vehumet
Wu Jian
Xom
Yredelemnul
Zin
The Shining One

Annotations:
D:2 Terence
D:4 Eustachio


Innate Abilities, Weirdness & Mutations

Your experience applies equally to all skills.
((You have very sharp teeth.))
Your uncanny sense of smell can sniff out nearby items.


Message History

You completely miss the komodo dragon.
The komodo dragon is heavily wounded.
The komodo dragon bites you!!
You hit the komodo dragon. You freeze the komodo dragon.
The komodo dragon is heavily wounded.
The komodo dragon bites you.
You barely miss the komodo dragon.
The komodo dragon is heavily wounded.
The komodo dragon bites you!
You are too injured to fight recklessly!
You hit the komodo dragon. You freeze the komodo dragon.
The komodo dragon is heavily wounded.
The komodo dragon bites you!!
* * * LOW HITPOINT WARNING * * *
Unknown command.
Unknown command.
The flow of time bends around you.
The komodo dragon resists with some effort.
You feel slightly more hungry. The komodo dragon bites you!
You die...

#......## #...>...#
#..รท...###
#......#.#########
#)................
##......((.........
#..................
##.................
#Y................
#l................
##......##########.
#.......# #
#.......# ##......#
#......# #......#
#.......#


You could see a komodo dragon.

Vanquished Creatures
  Gastronok (D:8)
  Pikel (D:8)
  A komodo dragon (Lair:1)
  A troll (D:9)
  Sigmund (D:4)
  A water moccasin (Lair:1)
  3 porcupines (Lair:1)
  An orc warrior (D:7)
  A black bear (D:9)
  2 ice beasts (D:7)
  A sky beast (D:6)
  4 slaves (D:8)
  2 phantoms
  An ogre (D:7)
  A necrophage (D:6)
  4 centaurs
  2 crocodiles (Lair:1)
  3 bullfrogs
  3 scorpions
  3 killer bees (D:9)
  4 howler monkeys
  3 crimson imps
  A centaur skeleton (D:7)
  3 jellies
  7 orc priests
  A gnoll shaman (D:9)
  9 orc wizards
  4 hounds
  3 iguanas
  11 worker ants
  A hound zombie (D:5)
  A hound skeleton (D:5)
  A howler monkey zombie (D:5)
  Robin (D:2)
  2 worker ant zombies
  4 gnolls (D:9)
  10 adders
  4 shadow imps
  A worm (D:2)
  A dart slug (D:2)
  A leopard gecko (D:6)
  26 orcs
  3 bats
  11 goblins
  4 hobgoblins
  7 jackals
  2 quokkas
  A frilled lizard (D:2)
  2 jackal skeletons
  2 kobolds (D:3)
  A leopard gecko zombie (D:8)
  3 rats
172 creatures vanquished.

Vanquished Creatures (collateral kills)
  An adder (D:9)
1 creature vanquished.

Grand Total: 173 creatures vanquished

Notes
Turn   | Place    | Note
-------+----------+-------------------------------------------
     0 | D:1      | SaintRoka the Gnoll Transmuter began the quest for the Orb.
     0 | D:1      | Reached XP level 1. HP: 17/17 MP: 6/6
   117 | D:2      | Reached XP level 2. HP: 22/23 MP: 5/7
   125 | D:2      | Learned a level 2 spell: Sticks to Snakes
   134 | D:2      | Noticed a howler monkey
   135 | D:2      | Noticed Terence
   244 | D:2      | Noticed Robin
   420 | D:3      | Reached XP level 3. HP: 28/28 MP: 7/9
   708 | D:4      | Reached skill level 5 in Spellcasting
   730 | D:4      | Reached skill level 1 in Short Blades
   730 | D:4      | Reached skill level 1 in Long Blades
   730 | D:4      | Reached skill level 1 in Axes
   730 | D:4      | Reached skill level 1 in Maces & Flails
   730 | D:4      | Reached skill level 1 in Polearms
   730 | D:4      | Reached skill level 1 in Staves
   730 | D:4      | Reached skill level 1 in Slings
   730 | D:4      | Reached skill level 1 in Bows
   730 | D:4      | Reached skill level 1 in Crossbows
   730 | D:4      | Reached skill level 1 in Throwing
   730 | D:4      | Reached skill level 1 in Armour
   730 | D:4      | Reached skill level 1 in Stealth
   730 | D:4      | Reached skill level 1 in Shields
   730 | D:4      | Reached skill level 1 in Invocations
   730 | D:4      | Reached skill level 1 in Evocations
   740 | D:4      | Reached XP level 4. HP: 27/34 MP: 9/11
   763 | D:3      | Reached skill level 1 in Conjurations
   763 | D:3      | Reached skill level 1 in Hexes
   763 | D:3      | Reached skill level 1 in Charms
   763 | D:3      | Reached skill level 1 in Summonings
   763 | D:3      | Reached skill level 1 in Necromancy
   763 | D:3      | Reached skill level 1 in Translocations
   763 | D:3      | Reached skill level 1 in Fire Magic
   763 | D:3      | Reached skill level 1 in Ice Magic
   763 | D:3      | Reached skill level 1 in Air Magic
   763 | D:3      | Reached skill level 1 in Earth Magic
   763 | D:3      | Reached skill level 1 in Poison Magic
   846 | D:4      | Noticed a phantom
   860 | D:4      | Learned a level 3 spell: Spider Form
   995 | D:4      | Reached XP level 5. HP: 40/40 MP: 8/12
  1021 | D:4      | Noticed Eustachio
  1124 | D:4      | Noticed a centaur
  1139 | D:4      | Killed a centaur
  1139 | D:4      | Reached XP level 6. HP: 38/47 MP: 13/13
  1195 | D:4      | Noticed Sigmund
  1199 | D:4      | Found a blossoming altar of Fedhas.
  1246 | D:4      | Killed Sigmund
  1246 | D:4      | Reached skill level 5 in Dodging
  1312 | D:5      | Entered Level 5 of the Dungeon
  1401 | D:5      | Reached XP level 7. HP: 52/52 MP: 12/15
  1489 | D:5      | Reached skill level 7 in Unarmed Combat
  1494 | D:5      | Got an ancient scimitar
  1540 | D:5      | Learned a level 3 spell: Regeneration
  1572 | D:5      | Identified the cursed +0 scimitar of Ashenzari {venom,
                  | *Corrode rElec Stlth+} (You found it on level 5 of the
                  | Dungeon)
  1586 | D:5      | Found a basalt altar of Yredelemnul.
  1742 | D:5      | Found a staircase to the Ecumenical Temple.
  1762 | Temple   | Entered the Ecumenical Temple
  2065 | D:6      | Learned a level 4 spell: Ice Form
  2111 | D:6      | Found a bloodstained altar of Trog.
  2248 | D:7      | Reached XP level 8. HP: 60/60 MP: 11/16
  2327 | D:6      | Found a snail-covered altar of Cheibriados.
  2331 | D:6      | Became a worshipper of Cheibriados the Contemplative
  2337 | D:6      | Found a burning altar of Makhleb.
  2354 | D:6      | Found a hazy altar of Hepliaklqana.
  2357 | D:6      | Found an iron altar of Okawaru.
  2781 | D:8      | Found an opulent altar of Gozag.
  2782 | D:8      | Noticed Gastronok
  2783 | D:8      | Found a white marble altar of Elyvilon.
  2797 | D:7      | Reached XP level 9. HP: 61/66 MP: 18/18
  2832 | D:7      | Reached * piety under Cheibriados
  2854 | D:7      | Reached skill level 5 in Transmutations
  2983 | D:7      | Learned a level 3 spell: Ozocubu's Armour
  2989 | D:7      | Learned a level 4 spell: Summon Ice Beast
  3206 | D:8      | Noticed Pikel
  3234 | D:8      | Killed Pikel
  3234 | D:8      | Reached ** piety under Cheibriados
  3234 | D:8      | Reached skill level 5 in Fighting
  3420 | D:7      | Reached skill level 8 in Unarmed Combat
  3599 | D:2      | Killed Robin
  3637 | D:2      | Found a sparkling altar of Nemelex Xobeh.
  3658 | D:2      | Found a shattered altar of Ashenzari.
  3667 | D:2      | Reached skill level 5 in Invocations
  3991 | D:9      | Noticed a troll
  4000 | D:9      | Killed a troll
  4006 | D:9      | Reached *** piety under Cheibriados
  4014 | D:9      | Reached XP level 10. HP: 67/74 MP: 15/20
  4138 | D:10     | Entered Level 10 of the Dungeon
  4261 | D:8      | Found an ancient bone altar of Kikubaaqudgha.
  4261 | D:8      | Found a radiant altar of Vehumet.
  4269 | D:8      | Killed Gastronok
  4269 | D:8      | Reached skill level 5 in Short Blades
  4269 | D:8      | Reached skill level 5 in Long Blades
  4269 | D:8      | Reached skill level 5 in Axes
  4269 | D:8      | Reached skill level 5 in Maces & Flails
  4269 | D:8      | Reached skill level 5 in Polearms
  4269 | D:8      | Reached skill level 5 in Staves
  4269 | D:8      | Reached skill level 5 in Slings
  4269 | D:8      | Reached skill level 5 in Bows
  4269 | D:8      | Reached skill level 5 in Crossbows
  4269 | D:8      | Reached skill level 5 in Throwing
  4269 | D:8      | Reached skill level 5 in Armour
  4269 | D:8      | Reached skill level 5 in Stealth
  4269 | D:8      | Reached skill level 5 in Shields
  4269 | D:8      | Reached skill level 5 in Evocations
  4314 | D:9      | Found a staircase to the Lair.
  4426 | Lair:1   | Entered Level 1 of the Lair of Beasts
  4500 | Lair:1   | Reached **** piety under Cheibriados
  4729 | Lair:1   | Slain by a komodo dragon

Levels and vault maps discovered:
D:1:      eino_arrival_water_star, layout_basic
D:2:      layout_basic, lemuel_crystal_altar, nemelex_xobeh_ov_fountains_minmay,
          uniq_robin, uniq_terence
D:3:      layout_basic, first_ration
D:4:      layout_basic, fedhas_bush_and_centaur_altar, uniq_sigmund,
          uniq_eustachio
D:5:      layout_basic, old_standard_altar, minmay_temple_entry_arrows,
          serial_shops, shop, chequers_serial_rivers_large_b,
          hangedman_minor_gate_pass
D:6:      layout_basic, lightli_temple_of_fire,
          grunt_temple_overflow_cloverleaf, minmay_bent
D:7:      layout_basic
D:8:      layout_basic, nicolae_overflow_hidden_temple, grunt_pizzeria,
          uniq_pikel, uniq_harold, uniq_gastronok
D:9:      layout_rooms, lair_entry_dummy
D:10:     argonaut_augean_stables, layout_rooms, hangedman_abyss_or_decor_clamps
Temple:   nicolae_temple_figure_zero
Lair:1:   layout_big_grid

Skill      XL: |  1  2  3  4  5  6  7  8  9 10 |
---------------+-------------------------------+-----
Spellcasting   | 5 6 7 |  7.5
Short Blades   | 1 2 3 4 5 |  5.5
Long Blades    | 1 2 3 4 5 |  5.5
Axes           | 1 2 3 4 5 |  5.5
Maces & Flails | 1 2 3 4 5 |  5.5
Polearms       | 1 2 3 4 5 |  5.5
Staves         | 1 2 3 4 5 |  5.5
Slings         | 1 2 3 4 5 |  5.5
Bows           | 1 2 3 4 5 |  5.5
Crossbows      | 1 2 3 4 5 |  5.5
Throwing       | 1 2 3 4 5 |  5.5
Armour         | 1 2 3 4 5 |  5.5
Stealth        | 1 2 3 4 5 |  5.5
Shields        | 1 2 3 4 5 |  5.5
Invocations    | 1 2 3 4 5 6 |  6.0
Evocations     | 1 2 3 4 5 |  5.5
Conjurations   | 1 2 3 4 |  4.5
Hexes          | 1 2 3 4 |  4.5
Charms         | 1 2 3 4 |  4.5
Summonings     | 1 2 3 4 |  4.5
Necromancy     | 1 2 3 4 |  4.5
Translocations | 1 2 3 4 |  4.5
Fire Magic     | 1 2 3 4 |  4.5
Ice Magic      | 1 2 3 4 |  4.5
Air Magic      | 1 2 3 4 |  4.5
Earth Magic    | 1 2 3 4 |  4.5
Poison Magic   | 1 2 3 4 |  4.5
Fighting       | 3 4 5 6 |  6.1
Transmutations | 4 5 6 |  6.0
Dodging        | 5 6 7 |  7.2
Unarmed Combat | 7 8 |  8.6

Action                   |  1- 3 |  4- 6 |  7- 9 | 10-12 || total
-------------------------+-------+-------+-------+-------++-------
Melee: Unarmed           |    54 |    47 |   259 |    52 ||   412
       Headbutt          |     2 |       |       |       ||     2
       Bite              |     5 |     2 |    10 |     3 ||    20
       Kick              |     2 |       |       |       ||     2
       Punch             |     1 |       |     5 |       ||     6
       War axe           |       |       |    62 |    18 ||    80
 Cast: Beastly Appendage |     9 |       |       |       ||     9
       Sticks to Snakes  |     2 |     5 |     2 |     3 ||    12
       Spider Form       |       |     6 |    14 |       ||    20
       Regeneration      |       |       |    17 |     1 ||    18
       Ice Form          |       |       |    13 |    11 ||    24
       Ozocubu's Armour  |       |       |     7 |     6 ||    13
       Summon Ice Beast  |       |       |     1 |       ||     1
Invok: Bend Time         |       |       |     2 |     1 ||     3
 Abil: End Transformatio |       |       |     2 |     1 ||     3
Evoke: Wand              |       |       |     3 |     1 ||     4
  Use: Scroll            |       |     3 |     1 |     3 ||     7
 Stab: Sleeping          |     1 |       |     3 |     3 ||     7
       Distracted        |       |       |     1 |       ||     1
  Eat: Chunk             |       |     2 |    11 |     2 ||    15
Armor: Robe              |    13 |     4 |    18 |       ||    35
       Skin              |       |     2 |    32 |    11 ||    45
       Troll leather arm |       |       |       |     2 ||     2
Dodge: Dodged            |    44 |    61 |   232 |    76 ||   413
